 Seeded DCSS version 0.30.1-11-g7821555f0a (webtiles) character file.

Game seed: 6351066067085065685 (custom seed)

780 Esekla the Thaumaturge (level 7, -5/36 HPs)
             Began as a Deep Elf Wanderer on Nov 11, 2023.
             Was a Believer of Vehumet.
             Slain by Crazy Yiuf
             ... wielding a +4 quarterstaff of chaos
              (20 damage)
             ... on level 7 of the Dungeon.
             The game lasted 00:42:22 (3972 turns).

Esekla the Thaumaturge (Deep Elf Wanderer)          Turns: 3972, Time: 00:42:23

Health: -5/36      AC:  4    Str: 11    XL:     7   Next: 55%
Magic:  20/21      EV: 17    Int: 18    God:    Vehumet [**....]
Gold:   297        SH:  4    Dex: 14    Spells: 11/23 levels left

rFire   . . .        s - +5 rapier of the Hero {heavy, rN+ Dex+3}
rCold   . . .        d - +0 buckler
rNeg    + . .        c - +0 robe
rPois   .            m - +0 helmet
rElec   .            (no cloak)
rCorr   .            l - +0 pair of gloves
SInv    .            (no boots)
Will    .....        z - amulet of magic regeneration
Stlth   ++           (no ring)
HPRegen 0.26/turn    (no ring)
MPRegen 0.57/turn

%: no passive effects
@: agile
A: dopey 1
a: Renounce Religion


You were on level 7 of the Dungeon.
You worshipped Vehumet.
Vehumet was pleased with you.
You visited 1 branch of the dungeon, and saw 7 of its levels.

You collected 297 gold pieces.

Inventory:

Hand Weapons
 a - a +1 short sword of freezing
 r - a +0 spear
 s - the +5 rapier of the Hero (weapon) {heavy, rN+ Dex+3}
   (You found it on level 3 of the Dungeon)

   Dex:       It affects your dexterity (+3).
   rN:        It protects you from negative energy.
Missiles
 w - 9 poisoned darts (quivered)
Armour
 c - a +0 robe (worn)
 d - a +0 buckler (worn)
 l - a +0 pair of gloves (worn)
 m - a +0 helmet (worn)
Jewellery
 z - an amulet of magic regeneration (around neck)
Wands
 i - a wand of roots (16)
 A - a wand of flame (15)
Scrolls
 g - 4 scrolls of identify {unknown}
 o - a scroll of enchant armour {unknown}
 p - 2 scrolls of amnesia {unknown}
 q - a scroll of immolation {unknown}
 u - 2 scrolls of fog {unknown}
 v - a scroll of blinking {unknown}
 x - a scroll of silence {unknown}
 y - a scroll of magic mapping {unknown}
 B - 2 scrolls of fear
 C - a scroll of enchant weapon {unknown}
 D - a scroll of teleportation {unknown}
Potions
 b - 2 potions of lignification
 e - 2 potions of ambrosia {unknown}
 f - 2 potions of attraction {unknown}
 h - a potion of heal wounds {unknown}
 j - 6 potions of curing {unknown}
 k - a potion of haste {unknown}
 n - a potion of mutation {unknown}
 t - 3 potions of brilliance {unknown}


   Skills:
 + Level 1.5 Short Blades
 + Level 0.3 Throwing
 * Level 3.5 Dodging
 + Level 1.7 Stealth
 + Level 1.9 Shields
 * Level 8.6 Spellcasting
 + Level 1.6 Conjurations
 * Level 3.1 Necromancy
 + Level 2.8 Translocations
 + Level 0.3 Transmutations
 + Level 0.4 Fire Magic
 * Level 1.1 Air Magic
 * Level 1.8 Poison Magic
 + Level 1.0 Invocations


You had 11 spell levels left.
You knew the following spells:

 Your Spells              Type           Power      Damage    Failure   Level
a - Magic Dart            Conj           52%        1d5       7%          1
b - Blink                 Tloc           34%        N/A       6%          2
d - Vampiric Draining     Necr           19%        2d7       11%         3
n - Ignite Poison         Fire/Tmut/Pois 10%        N/A       28%         3
p - Apportation           Tloc           34%        N/A       4%          1
v - Poisonous Vapours     Pois/Air       26%        N/A       11%         2

Your spell library contained the following spells:

 Spells                   Type           Power      Damage    Failure   Level
 Lesser Beckoning         Tloc           34%        N/A       6%          2
 Gell's Gravitas          Tloc           17%        N/A       13%         3
 Teleport Other           Tloc           17%        N/A       13%         3
 Spider Form              Tmut/Pois      11%        N/A       26%         3
 Cause Fear               Hex            3%         N/A       78%         4
 Summon Mana Viper        Hex/Summ       7%         N/A       98%         5


Dungeon Overview and Level Annotations

Branches:
Dungeon (7/15)
 Temple: D:4-7

Altars:
Dithmenos
Hepliaklqana
Okawaru
Qazlal
Trog
Vehumet
Zin

Shops:
D:2 =

Annotations:
D:6 Pikel
D:7 Crazy Yiuf


Innate Abilities, Weirdness & Mutations

You are dopey. (Int -2)


Message History

Found a bubbling blue potion. 2 lemures come into view.
The lemure shouts!
You hear a shout! x3
You see here a bubbling blue potion.
j - 6 bubbling blue potions (gained 1)
The lemure shouts!
Pikel, Merchant of Souls comes into view.
He is wielding a +1 whip of flaming and carrying a wand of roots (7).
A lemure comes into view.
Found 2 scrolls labelled OPUZOUSOET.
The lemure shouts!
A lemure comes into view.
Found a scale mail.
Found a stone staircase leading down.
There is a stone staircase leading down here.
You climb downwards.
Found a spear and a leather armour.
There is a stone staircase leading up here.
You see here a +0 spear.
Found a hammer.
Found a runed translucent door.
You open the door.
There is an open translucent door here.
The helpless Crazy Yiuf fails to defend himself.
You puncture Crazy Yiuf!
Crazy Yiuf is heavily wounded.
Crazy Yiuf hits you but does no damage.
You feel agile all of a sudden.
You closely miss Crazy Yiuf.
Crazy Yiuf is heavily wounded.
Crazy Yiuf hits you with a +4 quarterstaff of chaos!
Crazy Yiuf freezes you. Crazy Yiuf barely misses you.
Casting: Ignite Poison (quite dangerous; 28% risk of failure)
Confirm with . or Enter, or press ? or * to list all spells.
Aiming: Poisonous Vapours (safe; 11% risk of failure)
Press: ? - help, Dir - move target, f - Crazy Yiuf
Aim: Crazy Yiuf, wielding a +4 quarterstaff of chaos and wearing a +0 cloak (heavily wounded) Poisonous vapours surround Crazy Yiuf!
Crazy Yiuf is poisoned.
Crazy Yiuf hits you with a +4 quarterstaff of chaos.
You are electrocuted!!
Ouch! That really hurt!
You die...

#..<# #..)# #...#
##.[# ##.#
♣♣♣♣♣###.#
#####♣♣♣.♣......#
#...#♣..♣..♣....#
#g@.'.♣♣♣♣......#
#)..#♣♣ ♣♣.....#
##### ♣♣##..#
#..# #..# #...


You could see Crazy Yiuf (poisoned).

Vanquished Creatures
  A sky beast (D:6)
  An ogre (D:5)
  Blork the orc (D:6)
  2 scorpions (D:5)
  4 hounds
  A sleepcap (D:5)
  4 iguanas
  3 gnolls (D:2)
  7 adders
  2 white imps (D:5)
  An ufetubus (D:6)
  A dart slug (D:1)
  7 orcs
  3 endoplasms
  8 goblins
  4 hobgoblins
  A quokka (D:1)
  6 ball pythons
  4 bats
  4 frilled lizards
  5 kobolds
  A rat (D:2)
71 creatures vanquished.

Notes
Turn   | Place    | Note
-------+----------+-------------------------------------------
     0 | D:1      | Esekla the Deep Elf Wanderer began the quest for the Orb.
     0 | D:1      | Esekla set off with the following items: a +0 club, a
                  | potion of lignification, a +0 robe, a +0 buckler; and the
                  | following spells available to memorise: Apportation, Blink,
                  | Lesser Beckoning, Magic Dart, Ignite Poison, Vampiric
                  | Draining.
     0 | D:1      | Reached XP level 1. HP: 10/10 MP: 7/7
     2 | D:1      | Learned a level 1 spell: Magic Dart
     4 | D:1      | Learned a level 1 spell: Apportation
   259 | D:2      | Found Renulab's Jewellery Shop.
   571 | D:4      | Found a radiant altar of Vehumet.
   580 | D:4      | Found an iron altar of Okawaru.
   591 | D:4      | Found a glowing silver altar of Zin.
   674 | D:4      | Became a worshipper of Vehumet
   919 | D:3      | Found a stormy altar of Qazlal.
   955 | D:3      | Reached XP level 2. HP: 15/15 MP: 6/9
   958 | D:3      | Learned a level 2 spell: Blink
  1203 | D:3      | Identified the +5 rapier of the Hero {heavy, rN+ Dex+3}
                  | (You found it on level 3 of the Dungeon)
  1260 | D:2      | Reached skill level 5 in Spellcasting
  1372 | D:1      | Reached skill level 1 in Dodging
  1390 | D:1      | Reached XP level 3. HP: 13/19 MP: 7/11
  1391 | D:1      | Reached * piety under Vehumet
  1391 | D:1      | Offered knowledge of Shock by Vehumet.
  1417 | D:1      | Learned a level 3 spell: Ignite Poison
  1421 | D:1      | Learned a level 3 spell: Vampiric Draining
  1940 | D:2      | Reached skill level 1 in Necromancy
  1946 | D:2      | Reached skill level 1 in Conjurations
  1946 | D:2      | Reached XP level 4. HP: 14/24 MP: 1/13
  1984 | D:2      | Found a faded altar of an unknown god.
  2012 | D:2      | Reached skill level 1 in Short Blades
  2175 | D:2      | Reached skill level 6 in Spellcasting
  2317 | D:2      | Noticed a black bear
  2411 | D:3      | Found a hazy altar of Hepliaklqana.
  2413 | D:3      | Found a bloodstained altar of Trog.
  2422 | D:3      | Reached XP level 5. HP: 20/28 MP: 1/15
  2736 | D:5      | Entered Level 5 of the Dungeon
  2739 | D:5      | Got the Parchment of the Lumpy Olives
  2768 | D:5      | Found a shadowy altar of Dithmenos.
  2917 | D:5      | Reached skill level 7 in Spellcasting
  2917 | D:5      | Reached XP level 6. HP: 4/32 MP: 3/18
  3148 | D:5      | Reached ** piety under Vehumet
  3237 | D:5      | Offered knowledge of Poisonous Vapours by Vehumet.
  3241 | D:5      | Learned a level 2 spell: Poisonous Vapours
  3400 | D:5      | Gained mutation: You are dopey. (Int -2) [mutagenic glow]
  3452 | D:5      | Reached skill level 8 in Spellcasting
  3578 | D:5      | Reached skill level 1 in Poison Magic
  3578 | D:5      | Reached XP level 7. HP: 14/36 MP: 2/20
  3715 | D:6      | Noticed Blork the orc
  3868 | D:6      | Killed Blork the orc
  3869 | D:6      | Reached skill level 1 in Air Magic
  3938 | D:6      | Noticed Pikel
  3962 | D:7      | Found a runed translucent door.
  3963 | D:7      | Noticed Crazy Yiuf
  3972 | D:7      | Slain by Crazy Yiuf

Illustrated notes

Levels and vault maps discovered:
D:1:      sevenhm_arrival_forest_fort_small_3, layout_rooms,
          chequers_serial_rivers_room_b, minmay_misc_feat_five
D:2:      layout_loops_ring, dreamdust_ecumenical_altar_angels_and_demons,
          serial_shops, shop
D:3:      layout_basic, grunt_temple_overflow_open, minmay_misc_feat_iff
D:4:      layout_basic, nicolae_overflow_quartered_altars, serial_shops,
          nicolae_diamond_shop
D:5:      layout_loops_ring, lemuel_doored_altar, minmay_misc_feat_rows,
          dreamdust_wishing_well
D:6:      layout_loops_cross, fedhas_altar_fruit_tree,
          minmay_temple_entry_glass, uniq_pikel, uniq_blork_the_orc
D:7:      layout_basic, uniq_menkaure, uniq_joseph, uniq_crazy_yiuf_cottage

Skill      XL: |  1  2  3  4  5  6  7 |
---------------+----------------------+-----
Spellcasting   | 5 6 7 8 |  8.6
Dodging        | 1 2 3 |  3.5
Necromancy     | 1 2 3 |  3.1
Conjurations   | 1 |  1.6
Short Blades   | 1 |  1.5
Poison Magic   | 1 |  1.8
Air Magic      | 1 |  1.1
Throwing       | |  0.3
Stealth        | |  1.7
Shields        | |  1.9
Translocations | |  2.8
Transmutations | |  0.3
Fire Magic     | |  0.4
Invocations    | |  1.0

Action                     |  1- 3 |  4- 6 |  7- 9 || total
---------------------------+-------+-------+-------++-------
  Melee: Short sword       |    10 |       |       ||    10
         Rapier            |    24 |    40 |    10 ||    74
  Throw: Dart              |       |    10 |       ||    10
   Cast: Apportation       |    29 |    25 |     1 ||    55
         Magic Dart        |    55 |    23 |     3 ||    81
         Blink             |     1 |     5 |       ||     6
         Vampiric Draining |     3 |    12 |     2 ||    17
         Ignite Poison     |       |     3 |     3 ||     6
         Poisonous Vapours |       |     9 |    11 ||    20
    Use: Scroll            |     1 |       |       ||     1
   Stab: Sleeping          |     2 |     2 |     2 ||     6
 Armour: Robe              |    34 |    15 |     2 ||    51
  Dodge: Dodged            |    47 |    39 |     8 ||    94
  Block: Buckler           |    10 |    17 |     2 ||    29
